 Dungeon Crawl Stone Soup version 0.28-b1-70-g80dc712255 (webtiles) character file.

Game seed: 12531786352740585140

172 Berylcross the Ruffian (level 5, -1/42 HPs)
             Began as a Draconian Transmuter on Feb 3, 2022.
             Killed from afar by an orc wizard (7 damage)
             ... with a magic dart
             ... on level 3 of the Dungeon.
             The game lasted 00:05:56 (2437 turns).

Berylcross the Ruffian (Draconian Transmuter)       Turns: 2437, Time: 00:05:56

Health: -1/42      AC:  8    Str: 15    XL:     5   Next: 27%
Magic:  18/18      EV: 12    Int: 13    God:
Gold:   77         SH:  0    Dex: 11    Spells: 1/9 levels left

rFire   . . .      SeeInvis .     - Unarmed
rCold   . . .      Faith    .   (no shield)
rNeg    . . .      Spirit   .   (armour unavailable)
rPois   .          Reflect  +   (helmet restricted)
rElec   .          Harm     .   m - +1 cloak
rCorr   .          Rampage  .   (no gloves)
Will    .....                   e - +0 pair of boots
Stlth   +.........              b - amulet of reflection
HPRegen 0.14/turn               p - ring of magical power
MPRegen 0.16/turn               (no ring)

@: confused
A: AC +5, unfitting armour, cold-blooded
a: no special abilities


You were on level 3 of the Dungeon.
You visited 1 branch of the dungeon, and saw 4 of its levels.

You collected 77 gold pieces.

Inventory:

Armour
 e - a +0 pair of boots (worn)
 m - a +1 cloak (worn)
Jewellery
 b - an amulet of reflection (around neck)
 o - a ring of ice
 p - a ring of magical power (left hand)
Scrolls
 a - 2 scrolls of vulnerability {unknown}
 c - a scroll of blinking {unknown}
 d - a scroll of torment {unknown}
 f - 2 scrolls of teleportation {unknown}
 h - 3 scrolls of identify {unknown}
 i - 2 scrolls of enchant weapon {unknown}
 l - a scroll of fear {unknown}
Potions
 g - a potion of magic {unknown}
 n - a potion of ambrosia {unknown}
 q - a potion of brilliance {unknown}


   Skills:
 * Level 2.4 Fighting
 * Level 2.5 Dodging
 * Level 3.7 Unarmed Combat
 * Level 2.7 Spellcasting
 + Level 1.0 Conjurations
 * Level 2.8 Transmutations
 + Level 0.3 Ice Magic
 + Level 0.7 Poison Magic


You had one spell level left.
You knew the following spells:

 Your Spells              Type           Power      Damage    Failure   Level
a - Beastly Appendage     Tmut           18%        N/A       8%          1
b - Spider Form           Tmut/Pois      6%         N/A       34%         3
c - Ice Form              Ice/Tmut       5%         N/A       77%         4

Your spell library contained the following spells:

 Spells                   Type           Power      Damage    Failure   Level
 Sting                    Tmut/Pois      24%        1d4       12%         1
 Slow                     Hex            4%         N/A       24%         1
 Wereblood                Tmut           9%         N/A       11%         2
 Stone Arrow              Conj/Erth      6%         3d7       50%         3
 Confusing Touch          Hex            1%         N/A       56%         3
 Vampiric Draining        Necr           1%         2d6       56%         3
 Olgreb's Toxic Radiance  Pois           3%         N/A       86%         4
 Lehudib's Crystal Spear  Conj/Erth      1%         10d2      100%        8
 Shatter                  Erth           0%         3d5*      100%        9
 Animate Armour           Summ/Erth      Unusable   N/A       N/A         4

Dungeon Overview and Level Annotations

Branches:
Dungeon (4/15)
 Temple: D:4-7

Altars:

Shops:
D:2 [


Innate Abilities, Weirdness & Mutations

Your plain brown scales are hard. (AC +5)
You cannot fit into any form of body armour.
You are cold-blooded and may be slowed by cold attacks.


Message History

The orc hits you but does no damage. Something hits you but does no damage.
The orc hits you but does no damage.
Unknown command.
You're too confused to move!
Something hits you but does no damage.
You hear some strange, mumbled words.
Something tries to affect you, but you resist.
The orc hits you but does no damage.
You're too confused to move!
Something barely misses you.
You hear some strange, mumbled words.
You are more confused.
The orc hits you but does no damage.
You hit the orc.
The orc is lightly wounded.
Something hits you but does no damage. x2
The orc hits you with a +0 short sword.
* * * LOW HITPOINT WARNING * * *
You're too confused to cast spells.
Sorry, you're not good enough to have a special ability.
You hear some strange, mumbled words.
Something barely misses the orc.
The orc completely misses you.
You're too confused to move!
An orc wizard appears from thin air!
Reactivating autopickup.
The orc hits you but does no damage.
You're too confused to move!
The orc wizard casts a spell.
The orc wizard flickers and vanishes!
Deactivating autopickup; reactivate with Ctrl-A.
The orc hits you with a +0 short sword.
* * * LOW HITPOINT WARNING * * *
You completely miss something. Something hits you but does no damage.
Something shouts, "What's happening?!"
Something barely misses the orc.
The orc barely misses you. Something hits you.
* * * LOW HITPOINT WARNING * * *
Something freezes you.
* * * LOW HITPOINT WARNING * * *
The orc closely misses you.
A magic dart appears from out of thin air!
The magic dart hits you!
You die...

#...# #.......#
############### #.......#
##.<...#.....## #>.......
##.............###.......^
#...............##.......#
#...............####..#..#
#........................#
#.......{......(##.....#.#
#......o.@..........##)#.#
#...................##.#.#
##......{>.....#....##....
##.....#...............).
########.##............#
####..##..#....##...#
#....##...#....##....
#........##........##
#....#..###.....#...#


You could see an orc.

Vanquished Creatures
  An orc priest (D:3)
  Jessica (D:2)
  Terence (D:2)
  4 adders
  A worm (D:3)
  A dart slug (D:1)
  3 orcs
  An endoplasm (D:1)
  5 giant cockroaches
  5 goblins
  6 hobgoblins
  8 kobolds
  3 quokkas
  4 ball pythons
  2 bats
  5 frilled lizards
  3 rats
54 creatures vanquished.

Notes
Turn   | Place    | Note
-------+----------+-------------------------------------------
     0 | D:1      | Berylcross the Draconian Transmuter began the quest for the
                  | Orb.
     0 | D:1      | Reached XP level 1. HP: 16/16 MP: 3/3
    24 | D:1      | Found a faded altar of an unknown god.
   282 | D:1      | Reached XP level 2. HP: 23/23 MP: 3/5
   598 | D:1      | You fall into a shaft and drop 1 floor!
   601 | D:2      | Found Egionn's Antique Armour Boutique.
   962 | D:2      | Reached XP level 3. HP: 24/29 MP: 4/6
   966 | D:2      | Learned a level 3 spell: Spider Form
  1333 | D:2      | Noticed Jessica
  1345 | D:2      | Killed Jessica
  1520 | D:2      | Noticed Terence
  1526 | D:2      | Killed Terence
  1527 | D:2      | Reached XP level 4. HP: 36/36 MP: 5/7
  1564 | D:2      | Learned a level 4 spell: Ice Form
  1786 | D:3      | Reached XP level 5. HP: 6/42 MP: 9/9
  2220 | D:3      | Reached skill level 1 in Conjurations
  2228 | D:3      | Got Sif Muna's Almanac of Intoxication and the Mountains
  2419 | D:3      | HP: 2/42 [orc (2)]
  2437 | D:3      | Killed from afar by an orc wizard

Illustrated notes

Levels and vault maps discovered:
D:1:      lemuel_arrival_behind_the_door_large, layout_rooms,
          dreamdust_ecumenical_altar_statues
D:2:      layout_loops_cross, serial_shops, shop, uniq_terence, uniq_jessica
D:3:      layout_rooms
D:4:      layout_basic, serial_shops, nicolae_shop_trees,
          grunt_decor_mini_mirrors, corexii_item_surrounded_by_moat,
          nicolae_alphabet_shops

Skill      XL: |  1  2  3  4  5 |
---------------+----------------+-----
Dodging        | 2 |  2.5
Fighting       | 2 |  2.4
Conjurations   | 1 |  1.0
Unarmed Combat | |  3.7
Spellcasting   | |  2.7
Transmutations | |  2.8
Ice Magic      | |  0.3
Poison Magic   | |  0.7

Action                   |  1- 3 |  4- 6 || total
-------------------------+-------+-------++-------
Melee: Unarmed           |    96 |    97 ||   193
       Kick              |    15 |    12 ||    27
       Headbutt          |     7 |     6 ||    13
       Tailslap          |     8 |    10 ||    18
       Punch             |     2 |     1 ||     3
 Cast: Beastly Appendage |    21 |    14 ||    35
  Use: Potion            |       |     6 ||     6
Armor: Skin              |    22 |    74 ||    96
Dodge: Dodged            |    57 |    78 ||   135
Block: Other             |       |    25 ||    25
